 Dungeon Crawl Stone Soup version 0.29-a0-194-g6e3aafee17 (webtiles) character file.

Game seed: 5264570743420132559

181 mcwallace the Chiller (level 5, -4/31 (34) HPs)
             Began as an Octopode Ice Elementalist on Feb 23, 2022.
             Slain by a wight
             ... wielding a +0 long sword
              (12 damage)
             ... on level 4 of the Dungeon.
             The game lasted 00:08:29 (3251 turns).

mcwallace the Chiller (Octopode Ice Elementalist)   Turns: 3251, Time: 00:08:30

HP:   -4/31 (34)    AC:  1    Str:  7    XL:     5   Next: 61%
MP:   6/9           EV: 14    Int: 19    God:
Gold: 223           SH:  0    Dex: 13    Spells: 2/9 levels left

rFire   . . .      SeeInvis .   e - +1 short sword (flame) {short}
rCold   . . .      Faith    .   (no shield)
rNeg    . . .      Spirit   .   (helmet restricted)
rPois   .          Reflect  .   (no amulet)
rElec   .          Harm     .   (no ring)
rCorr   .          Rampage  .   (no ring)
Will    .....                   (no ring)
Stlth   +++.......              (no ring)
HPRegen 0.10/turn               (no ring)
MPRegen 0.11/turn               (no ring)
                                (no ring)
                                (no ring)

@: freezing walls, drained
A: almost no armour, amphibious, 8 rings, camouflage 1, gelatinous body 1,
(nimble swimmer 1), tentacles
a: no special abilities


You were on level 4 of the Dungeon.
You visited 1 branch of the dungeon, and saw 4 of its levels.

You collected 223 gold pieces.


Innate Abilities, Weirdness & Mutations

You cannot wear most types of armour.
You are amphibious.
You can wear up to eight rings at the same time.
Your skin changes colour to match your surroundings (Stealth+).
Your rubbery body absorbs attacks. (AC +1, EV +1)
((You are camouflaged when in or above water. (Stealth+)))
You have tentacles for arms and can constrict up to eight enemies at once.


   Skills:
 + Level 2.1 Fighting
 + Level 3.1 Dodging
 - Level 2.6 Stealth
 + Level 2.9 Spellcasting
 + Level 1.3 Transmutations
 + Level 4.7 Ice Magic


You had 2 spell levels left.
You knew the following spells:

 Your Spells              Type           Power      Damage    Failure   Level
a - Freeze                Ice            80%        1d9       2%          1
b - Frozen Ramparts       Ice            40%        1d6       7%          3
c - Ozocubu's Armour      Ice            20%        N/A       7%          3

Your spell library contained the following spells:

 Spells                   Type           Power      Damage    Failure   Level
 Wereblood                Tmut           7%         N/A       14%         2
 Shock                    Conj/Air       8%         1d3       16%         1
 Blink                    Tloc           4%         N/A       24%         2
 Sublimation of Blood     Necr           2%         N/A       24%         2
 Stone Arrow              Conj/Erth      4%         3d7       43%         3
 Hailstorm                Conj/Ice       11%        3d5       50%         4
 Manifold Assault         Tloc           2%         N/A       99%         5
 Storm Form               Tmut/Air       2%         N/A       100%        7
 Summon Hydra             Summ           1%         N/A       100%        7
 Lehudib's Crystal Spear  Conj/Erth      1%         10d2      100%        8
 Animate Armour           Summ/Erth      Unusable   N/A       N/A         4

Inventory:

Hand Weapons
 c - a +0 dagger {short}
   (You found it on level 1 of the Dungeon)
 e - a +1 short sword of flaming (weapon) {short}
   (You took it off a kobold on level 1 of the Dungeon)
Missiles
 d - 198 stones {throwing}
 i - 6 javelins {throwing}
 r - 3 poisoned darts {throwing}
Jewellery
 n - a ring of ice
   (You found it on level 2 of the Dungeon)
Scrolls
 b - a scroll of enchant armour {unknown}
 j - a scroll of fog {unknown}
 k - a scroll of brand weapon {unknown}
 l - 2 scrolls of teleportation {@r4}
 m - 2 scrolls of fear
 p - a scroll of holy word {unknown}
 s - a scroll of magic mapping {unknown}
 t - a scroll of amnesia {unknown}
Potions
 a - 2 potions of flight
 f - a potion of mutation {!q}
 g - 2 potions of attraction {!q}
 h - a potion of lignification {unknown}
 o - a potion of curing {@q1}
 q - a potion of heal wounds {unknown}

Dungeon Overview and Level Annotations

Branches:
Dungeon (4/15)
 Temple: D:4-7

Altars:
Qazlal

##..#....#...######
... #............#
#......##..).##
##..##).......#
#...##......[#
#..#.##.......#
#.##.##.......# ...
#.##.......# #.##
..#..#.#.@## #.
.##..#.##z# .
.$.......$.#
#.......##...#
#....).........
####..^.....##..
#######..# .#.o
#..$ # . ##..


You could see a wight.


Message History

😎 MP[-3]
You lost 3 mp, and now have 6/9 mp.
You hit the centaur zombie. You burn the centaur zombie.
The centaur zombie resists.
The wall freezes the centaur zombie.
The centaur zombie barely misses you. The centaur zombie misses you.
You hit the centaur zombie but do no damage.
The centaur zombie completely resists.
The wall freezes the centaur zombie but does no damage.
The centaur zombie hits you. The centaur zombie barely misses you.
The centaur zombie completely resists.
The wall freezes the centaur zombie but does no damage.
The centaur zombie closely misses you.
The centaur zombie completely misses you. 😕 HP[-3]
You take 3 damage, and now have 31/34 hp.
You hit the centaur zombie. You burn the centaur zombie.
Your squeeze misses the centaur zombie.
The centaur zombie completely resists.
The wall freezes the centaur zombie but does no damage.
The centaur zombie closely misses you. The centaur zombie kicks you. 😕 HP[-2]
You take 2 damage, and now have 29/34 hp.
You hit the centaur zombie. You burn the centaur zombie.
The centaur zombie completely resists.
The wall freezes the centaur zombie but does no damage.
The centaur zombie hits you. The centaur zombie kicks you.
The centaur zombie completely resists.
The wall freezes the centaur zombie but does no damage.
The centaur zombie closely misses you. The centaur zombie misses you. 😕 HP[-3]
You take 3 damage, and now have 26/34 hp.
You hit the centaur zombie. You burn the centaur zombie.
The centaur zombie completely resists.
The wall freezes the centaur zombie but does no damage.
The centaur zombie hits you. The centaur zombie misses you. 😮 HP[-2]
You take 2 damage, and now have 24/34 hp.
You hit the centaur zombie. You burn the centaur zombie.
The centaur zombie completely resists.
The wall freezes the centaur zombie but does no damage.
The centaur zombie hits you. The centaur zombie kicks you. 😮 HP[-5]
You take 5 damage, and now have 19/34 hp.
You hit the centaur zombie. You burn the centaur zombie.
You squeeze the centaur zombie.
The centaur zombie completely resists.
The wall freezes the centaur zombie but does no damage.
The centaur zombie completely misses you.
The centaur zombie closely misses you.
The wall freezes the centaur zombie but does no damage.
The centaur zombie hits you.
* * * LOW HITPOINT WARNING * * *
The centaur zombie kicks you but does no damage. 😨 HP[-3] MP[+1]
You take 3 damage, and now have 16/34 hp.
You hit the centaur zombie. You burn the centaur zombie.
You destroy the centaur zombie!
The frozen ramparts melt away.
You start resting. 😮 HP[+2] MP[+2]
You regained 2 hp, and now have 18/34 hp.
Your mp is fully restored (9).
You start resting. 😎 HP[+16]
Your hp is fully restored (34).
h - a purple potion You see here a +0 dagger {short}.
t - a scroll labelled LADWIEPP ISAIMN You now have 223 gold pieces (gained 11).
A wight comes into view. It is wielding a +0 long sword.
An orc comes into view. It is wielding a +0 club.
Casting: Frozen Ramparts (dangerous; 7% risk of failure)
Confirm with . or Enter, or press ? or * to list all spells.
Casting: Frozen Ramparts (dangerous; 7% risk of failure)
Press: ? - help, Dir - look around, f - activate The walls around you are covered in ice. 😎 MP[-3]
You lost 3 mp, and now have 6/9 mp.
The wight completely resists.
The wall freezes the wight but does no damage.
You hit the wight but do no damage. You grab the wight.
You squeeze the wight, but do no damage.
You constrict the wight, but do no damage.
The wight completely resists.
The wall freezes the wight but does no damage.
The wight hits you with a +0 long sword!
You feel drained.
The wight completely resists.
The wall freezes the wight but does no damage.
The wight hits you with a +0 long sword!
* * * LOW HITPOINT WARNING * * *
You feel drained. 😱 HP[-27]
You now have 31 max hp (-3).
You take 27 damage, and now have 7/31 hp.
MASSIVE DAMAGE!! (PAUSE)
You hit the wight. You burn the wight. You squeeze the wight.
You constrict the wight, but do no damage.
The wight completely resists.
The wall freezes the wight but does no damage.
The wight hits you with a +0 long sword!
You die...

Skill      XL: |  1  2  3  4 |
---------------+-------------+-----
Fighting       | 1 2 |  2.1
Dodging        | 3 |  3.1
Transmutations | 1 |  1.3
Stealth        | |  2.6
Spellcasting   | |  2.9
Ice Magic      | |  4.7

Action                   |  1- 3 |  4- 6 || total
-------------------------+-------+-------++-------
Melee: Short sword       |    32 |    35 ||    67
       Constrict         |     9 |     9 ||    18
       Tentacles         |     4 |     7 ||    11
       Punch             |       |     1 ||     1
 Cast: Freeze            |    19 |    26 ||    45
       Frozen Ramparts   |     2 |     7 ||     9
  Use: Scroll            |       |     6 ||     6
 Stab: Sleeping          |     7 |     4 ||    11
Armor: Skin              |     4 |     1 ||     5
Dodge: Dodged            |    20 |    31 ||    51

Levels and vault maps discovered:
D:1:      scummos_arrival_star, layout_loops_ring,
          shapermc_ecumenical_altar_rom_forum
D:2:      layout_loops_ring
D:3:      layout_rooms, grunt_qazlal_sundering, chequers_avenue,
          minmay_misc_feat_secret_circle, grunt_ministairs_10
D:4:      layout_rooms, minmay_goblin_kobold_house

Notes
Turn   | Place    | Note
-------+----------+-------------------------------------------
     0 | D:1      | mcwallace the Octopode Ice Elementalist began the quest for
                  | the Orb.
     0 | D:1      | Reached XP level 1. HP: 11/11 MP: 3/3
     0 | D:1      | magus.rc [v1.9.6]
     2 | D:1      | You add the spells Blink, Manifold Assault and Storm Form
                  | to your library.
    43 | D:1      | Found a faded altar of an unknown god.
   153 | D:1      | Got Plato's Catalogue of Air
   237 | D:1      | Reached XP level 2. HP: 17/18 MP: 3/5
   419 | D:1      | Reached skill level 1 in Fighting
   523 | D:1      | Reached XP level 3. HP: 23/23 MP: 3/6
   527 | D:1      | Learned a level 3 spell: Frozen Ramparts
  1315 | D:2      | Reached XP level 4. HP: 26/28 MP: 3/7
  1319 | D:2      | Learned a level 3 spell: Ozocubu's Armour
  2124 | D:3      | You pick up a book of Armaments and begin reading...
  2124 | D:3      | You add the spells Stone Arrow and Lehudib's Crystal Spear
                  | to your library.
  2311 | D:3      | You pick up a book of Blood and begin reading...
  2311 | D:3      | You add the spells Sublimation of Blood, Wereblood and
                  | Summon Hydra to your library.
  2312 | D:3      | Found a stormy altar of Qazlal.
  2714 | D:3      | Reached skill level 2 in Fighting
  2714 | D:3      | Reached skill level 3 in Dodging
  2714 | D:3      | Reached skill level 1 in Transmutations
  2714 | D:3      | Reached XP level 5. HP: 33/34 MP: 5/9
  3250 | D:4      | HP: 7/33 [wight/+0 long sword (13)]
  3251 | D:4      | Slain by a wight

Vanquished Creatures
  A centaur zombie (D:4)
  An orc wizard (D:3)
  4 adders
  3 worms
  A dart slug (D:2)
  4 orcs (D:3)
  3 ball pythons
  8 endoplasms
  3 giant cockroaches
  3 goblins
  9 hobgoblins
  4 jackals (D:1)
  10 kobolds
  2 quokkas (D:2)
  4 bats
  5 frilled lizards
  6 rats
71 creatures vanquished.

Table legend:
 A = Non-vault XP
 B = Vault XP
 C = Vault XP percentage of total XP
 D = Non-vault monster count
 E = Vault monster count
 F = Vault count percentage of total count
                 A         B        C        D         E       F
            +---------+---------+-------+---------+---------+-------
      Total |     254 |       5 |   1.9 |      69 |       2 |   2.8
            +---------+---------+-------+---------+---------+-------
        D:1 |      40 |       0 |   0.0 |      23 |       0 |   0.0
        D:2 |      69 |       0 |   0.0 |      23 |       0 |   0.0
        D:3 |     100 |       5 |   4.8 |      22 |       2 |   8.3
        D:4 |      45 |       0 |   0.0 |       1 |       0 |   0.0
            +---------+---------+-------+---------+---------+-------

Illustrated notes

Table legend:
 A = Kills in this place as a percentage of kills in entire the game.
 B = Kills by you in this place as a percentage of kills by you in the entire game.
 C = Kills by friends in this place as a percentage of kills by friends in the entire game.
 D = Other kills in this place as a percentage of other kills in the entire game.
 E = Experience gained in this place as a percentage of experience gained in the entire game.
 F = Experience gained in this place divided by the number of levels of this place that you have seen.
                   A       B       C       D       E      F
               +-------+-------+-------+-------+-------+----------------------
         Total | 100.0 | 100.0 |   N/A |   N/A | 100.0 |  64.8
       Dungeon | 100.0 | 100.0 |   N/A |   N/A | 100.0 |  64.8
               +-------+-------+-------+-------+-------+----------------------

Table legend: (Time is in decaauts)
 A = Elapsed time spent in this place.
 B = Non-inter-level travel time spent in this place.
 C = Inter-level travel time spent in this place.
 D = Time resting spent in this place.
 E = Time spent auto-exploring this place.
 F = Levels seen in this place.
 G = Mean time per level.
                   A        B        C        D        E       F      G
               +--------+--------+--------+--------+--------+-----+--------+
         Total |   3255 |   3138 |    117 |    367 |   2159 |   4 |  813.8 |
       Dungeon |   3255 |   3138 |    117 |    367 |   2159 |   4 |  813.8 |
               +--------+--------+--------+--------+--------+-----+--------+

Top non-repeatable levels by time:
     D:2: 1024 daAuts
     D:3: 1002 daAuts
     D:1: 1000 daAuts
     D:4: 228 daAuts
